 Dungeon Crawl Stone Soup version 0.22.2-1-ge965b3aba3 (webtiles) character file.

586 theanonym the Slasher (level 7, -12/52 HPs)
             Began as a Mummy Enchanter on Sept 1, 2021.
             Was an Initiate of Gozag.
             Mangled by an ogre
             ... wielding a +0 giant club
              (21 damage)
             ... on level 4 of the Dungeon on Sept 3, 2021.
             The game lasted 00:07:20 (6468 turns).

theanonym the Slasher (Mummy Enchanter)             Turns: 6468, Time: 00:07:21

Health: -12/52     AC: 12    Str: 17    XL:     7   Next: 15%
Magic:  11/11      EV:  5    Int: 14    God:    Gozag
Gold:   202        SH:  9    Dex: 15    Spells: 10/11 levels left

rFire    x . .     SeeInvis .   a - +1 long sword
rCold    + . .     Gourm    .   c - +0 shield
rNeg     + + +     Faith    .   e - +0 chain mail
rPois    ∞         Spirit   .   k - +0 helmet
rElec    .         Reflect  .   g - +1 cloak
rCorr    .         Harm     .   (no gloves)
MR       .....                  b - +0 pair of boots "Cymog" {Str+3 Dex+3 Stlth+}
Stlth    ..........             (no amulet)
HPRegen  0.17/turn              (no ring)
MPRegen  0.12/turn              (no ring)

@: no status effects
A: no food or potions, fire vulnerability, cold resistance 1, negative energy
resistance 3, torment resistance, unbreathing
a: Potion Petition, Call Merchant, Bribe Branch, Renounce Religion


Innate Abilities, Weirdness & Mutations

You do not eat or drink.
Your flesh is vulnerable to fire.
You are immune to poison.
Your flesh is cold resistant. (rC+)
You are immune to negative energy. (rN+++)
You are immune to unholy pain and torment.
You can survive without breathing.


   Skills:
 + Level 3.5 Fighting
   Level 2.0(3.2) Short Blades
 * Level 3.8(4.1) Long Blades
 - Level 1.5 Dodging
 - Level 2.4 Stealth
 + Level 2.9 Shields
 - Level 2.6 Spellcasting
 - Level 2.6 Hexes


You had 10 spell levels left.
You knew the following spells:

 Your Spells              Type           Power        Failure   Level  Hunger
a - Corona                Hex            #......      100%        1    N/A

Your spell library contained the following spells:

 Spells                   Type           Power        Failure   Level  Hunger
 Ensorcelled Hibernation  Hex/Ice        #.....       100%        2    N/A
 Confuse                  Hex            #.......     100%        3    N/A
 Dazzling Spray           Conj/Hex       #.....       100%        3    N/A
 Tukima's Dance           Hex            #.......     100%        3    N/A

Skill      XL: |  1  2  3  4  5  6 |
---------------+-------------------+-----
Short Blades   | 1 2 |  2.0
Fighting       | 1 2 3 |  3.5
Shields        | 1 2 |  2.9
Long Blades    | 1 2 3 |  3.8
Dodging        | |  1.5
Stealth        | |  2.4
Spellcasting   | |  2.6
Hexes          | |  2.6

Action                   |  1- 3 |  4- 6 |  7- 9 || total
-------------------------+-------+-------+-------++-------
Melee: Dagger            |   190 |       |       ||   190
       Long sword        |    64 |   285 |    12 ||   361
Evoke: Wand              |       |    15 |       ||    15
  Use: Scroll            |       |     3 |     1 ||     4
 Stab: Sleeping          |     2 |       |       ||     2
       Paralysed         |       |    23 |       ||    23
Armor: Chain mail        |   168 |   201 |    11 ||   380
       Robe              |     4 |       |       ||     4
Dodge: Dodged            |    31 |    28 |     4 ||    63
Block: Shield            |    79 |   129 |     7 ||   215
       Rpst.: Long sword |     1 |     9 |     3 ||    13

Inventory:

Hand Weapons
 a - a +1 long sword (weapon)
Armour
 b - the +0 pair of boots "Cymog" (worn) {Str+3 Dex+3 Stlth+}

   It affects your strength (+3).
   It affects your dexterity (+3).
   It makes you more stealthy.
 c - a +0 shield (worn)
 e - a +0 chain mail (worn)
 g - a +1 cloak (worn)
 k - a +0 helmet (worn)
Scrolls
 d - a scroll of identify {unknown}
 f - a scroll of magic mapping {unknown}
 h - a scroll of enchant weapon
 i - a scroll of fear {unknown}
 j - a scroll of enchant armour
 n - a scroll of remove curse


You were on level 4 of the Dungeon.
You worshipped Gozag.
Gozag was aware of your devotion.
You were not hungry.

You visited 1 branch of the dungeon, and saw 5 of its levels.

You collected 263 gold pieces.
You paid 61 gold pieces to Gozag.

Dungeon Overview and Level Annotations

Branches:
Dungeon (5/15)
 Temple: D:4-7

Altars:
Gozag
The Shining One

Annotations:
D:3 1 runed door

#........#.†####
#...........##..
#...........##.#
#...............
#...............
#####......####.
#......####.
########...........
#<@o....#..........
#..O...............
#.........#.##...##
#....>....#.##..<#
#........##.##.O.#
#............#...#
#.......###..#...#
#.......# #..#...#
#.......# #..#...#


You could see an ogre and an orc wizard.

Notes
Turn   | Place    | Note
-------+----------+-------------------------------------------
     0 | D:1      | theanonym the Mummy Enchanter began the quest for the Orb.
     0 | D:1      | Reached XP level 1. HP: 13/13 MP: 4/4
   135 | D:1      | Reached skill level 1 in Short Blades
   250 | D:1      | HP: 6/14 [goblin (4)]
   502 | D:1      | Reached XP level 2. HP: 17/20 MP: 5/5
   911 | D:1      | HP: 8/20 [leopard gecko (3)]
  1487 | D:2      | Reached skill level 1 in Fighting
  1586 | D:2      | Reached XP level 3. HP: 18/26 MP: 7/7
  1780 | D:2      | Reached skill level 1 in Shields
  1800 | D:2      | HP: 12/26 [worm (6)]
  1805 | D:2      | HP: 8/26 [worm (5)]
  2117 | D:2      | Reached skill level 2 in Short Blades
  2224 | D:2      | HP: 12/26 [hobgoblin/club (3)]
  2842 | D:3      | HP: 8/26 [worm (7)]
  2845 | D:3      | Reached XP level 4. HP: 5/32 MP: 8/8
  3226 | D:3      | Reached skill level 1 in Long Blades
  3722 | D:3      | HP: 14/33 [leopard gecko (3)]
  3738 | D:3      | Reached skill level 2 in Fighting
  3741 | D:3      | HP: 11/33 [leopard gecko (2)]
  3746 | D:3      | HP: 10/33 [bat (1)]
  4131 | D:3      | Found a runed door.
  4131 | D:3      | Found a glowing golden altar of the Shining One.
  4131 | D:3      | Noticed an angel
  4152 | D:3      | Reached XP level 5. HP: 29/38 MP: 9/9
  4720 | D:4      | Reached skill level 2 in Long Blades
  4730 | D:4      | HP: 19/39 [orc/hand axe (3)]
  4734 | D:4      | Reached skill level 2 in Shields
  4896 | D:4      | Noticed a phantom
  4916 | D:4      | HP: 17/39 [phantom (5)]
  4921 | D:4      | HP: 14/39 [phantom (3)]
  4928 | D:4      | Killed a phantom
  4928 | D:4      | Reached XP level 6. HP: 18/46 MP: 10/10
  5260 | D:4      | Reached skill level 3 in Fighting
  5260 | D:4      | Reached skill level 3 in Long Blades
  5370 | D:4      | Found an opulent altar of Gozag.
  5377 | D:4      | Became a worshipper of Gozag Ym Sagoz the Greedy
  5426 | D:4      | HP: 23/47 [iguana (4)]
  5600 | D:4      | Noticed Edmund
  5624 | D:4      | HP: 20/47 [Edmund/flail of pain (5)]
  5629 | D:4      | Killed Edmund
  5877 | D:4      | HP: 21/47 [ogre/giant club (23)]
  5882 | D:4      | Reached XP level 7. HP: 24/52 MP: 11/11
  6218 | D:4      | Got a pair of bloodstained boots
  6320 | D:3      | Identified the +0 pair of boots "Cymog" {Str+3 Dex+3
                  | Stlth+} (You found it on level 4 of the Dungeon)
  6437 | D:5      | Entered Level 5 of the Dungeon
  6464 | D:4      | HP: 8/52 [ogre/giant club (29)]
  6468 | D:4      | Mangled by an ogre

Vanquished Creatures
  Edmund (D:4)
  A phantom (D:4)
  An ogre (D:4)
  2 orc wizards (D:4)
  2 worker ants (D:4)
  An iguana (D:4)
  8 adders
  An adder skeleton (D:4)
  5 worms
  3 leopard geckos
  4 orcs
  4 ball pythons
  7 bats
  5 giant cockroaches
  5 goblins
  6 hobgoblins
  9 jackals
  A quokka (D:2)
  5 frilled lizards
  2 jackal skeletons (D:4)
  8 kobolds
  8 rats
89 creatures vanquished.

Table legend:
 A = Turns spent in this place as a percentage of turns spent in the entire game.
 B = Non-inter-level travel turns spent in this place as a percentage of non-inter-level travel turns spent in the entire game.
 C = Inter-level travel turns spent in this place as a percentage of turns spent in this place.
 D = Turns resting spent in this place as a percentage of non-inter-level travel turns spent in this place.
 E = Turns spent auto-exploring this place as a percentage of non-inter-level travel turns spent in this place.
 F = Non-inter-level travel turns spent in this place divided by the number of levels of this place that you've seen.
                   A       B       C       D       E      F
               +-------+-------+-------+-------+-------+----------------------
         Total | 100.0 | 100.0 |   4.2 |  46.7 |  37.2 | 1239.2
       Dungeon | 100.0 | 100.0 |   4.2 |  46.7 |  37.2 | 1239.2
               +-------+-------+-------+-------+-------+----------------------
